 Dungeon Crawl Stone Soup version 0.17-a0-227-gf5308cc (webtiles) character file.

402 BluebellGnoll the Sneak (level 6, -8/30 HPs)
             Began as a Spriggan Hunter on Mar 30, 2015.
             Was a Follower of Nemelex Xobeh.
             Mangled by DEFE's ghost (15 damage)
             ... on level 4 of the Dungeon.
             The game lasted 00:23:12 (5297 turns).

BluebellGnoll the Sneak (Spriggan Hunter)           Turns: 5297, Time: 00:23:14

Health: -8/30      AC:  2    Str: 10      XL:     6   Next: 55%
Magic:  14/14      EV: 20    Int: 15      God:    Nemelex Xobeh [*.....]
Gold:   165        SH:  0    Dex: 15 (18) Spells: 0 memorised, 5 levels left

rFire  . . .     SeeInvis +     t - +4 dagger
rCold  . . .     Clarity  .     m - +0 robe (curse)
rNeg   . . .     SustAb   .     (shield restricted)
rPois  x         Gourm    .     (helmet restricted)
rElec  .         Spirit   .     (no cloak)
rCorr  .         Warding  .     (gloves unavailable)
rMut   .         Stasis   .     (boots unavailable)
MR     +....                    (no amulet)
Stlth  ++++......               (no ring)
                                (no ring)

@: poison vulnerable, aura of abjuration, very quick, somewhat resistant to
hostile enchantments, stealthy
A: unfitting armour, thin skeletal structure 1, see invisible, herbivore 3,
speed 3, slow metabolism 2, strong 1
a: Renounce Religion


You were on level 4 of the Dungeon.
You worshipped Nemelex Xobeh.
Nemelex Xobeh was aware of your devotion.
You were very full.

You visited 1 branch of the dungeon, and saw 4 of its levels.

You collected 165 gold pieces.

Inventory:

Hand weapons
 b - a +1 hunting sling
 i - a +2 dagger of venom
 t - a +4 dagger (weapon)
Missiles
 c - 8 sling bullets
 h - 76 stones (quivered)
Armour
 d - a +0 animal skin
 m - a cursed +0 robe (worn)
Scrolls
 g - a scroll of amnesia {unknown}
 j - a scroll of teleportation
 k - a scroll of blinking {unknown}
 l - a scroll of fog {unknown}
 p - a scroll of enchant armour {unknown}
 q - a scroll of noise
 r - a scroll of fear
 s - a scroll of magic mapping
Potions
 o - a potion of brilliance
Comestibles
 f - 3 bread rations
 n - 5 fruits


   Skills:
 - Level 1.5 Fighting
 - Level 3.6 Short Blades
 - Level 4.8 Slings
 - Level 5.3 Dodging
 + Level 7.1 Stealth
 * Level 2.3 Evocations


You had 5 spell levels left.
You didn't know any spells.

Dungeon Overview and Level Annotations

Branches:
Dungeon (4/15)
 Temple: D:4-7

Altars:
Nemelex Xobeh
Okawaru
Sif Muna
Zin

Annotations:
D:4 DEFE's ghost, average HOFi


Innate Abilities, Weirdness & Mutations

You are tiny and cannot use many weapons and most armour.
You have supernaturally acute eyesight.
You are a herbivore.
You cover ground extremely quickly.
You need consume almost no food.
You have a somewhat thin skeletal structure (Dex +2, Stealth).
Your muscles are strong. (Str +2)


Message History

t - a +4 dagger (weapon)
You are too injured to fight recklessly!
You are too injured to fight recklessly!
You are too injured to fight recklessly!
You barely miss DEFE's ghost.
DEFE's ghost is moderately damaged.
DEFE's ghost completely misses you.
You hit DEFE's ghost but do no damage.
DEFE's ghost is moderately damaged.
You hit DEFE's ghost but do no damage.
DEFE's ghost is moderately damaged.
You feel less stealthy. DEFE's ghost completely misses you.
You hit DEFE's ghost.
DEFE's ghost is moderately damaged.
You are firmly grounded in the material plane once more.
DEFE's ghost hits you!
Ouch! That really hurt!
You die...
Your body disappears without a glow.

...####..........................
...............................#.
%......##........................
..########....................##.
.## #....................##. #
#......................#
#..##.##.............#.#
#..#.###W............###
###...###@......#......#..
##.........##......##...... #
##.................##....... .#
###.......##.......#.###......
..##..........###....####..#.....
..<..................##..####....
......................#### ##....
.....#......###.......### #.....
....##.....## #...#.....####.....


You could see DEFE's ghost.

Vanquished Creatures
  Sigmund (D:2)
  An orc priest (D:3)
  A hound (D:4)
  A worker ant (D:4)
  An orc wizard (D:3)
  Ijyb (D:2)
  Jessica (D:3)
  8 adders
  A giant mite (D:2)
  3 worms
  2 giant geckos
  8 orcs (D:3)
  4 ball pythons
  7 bats
  8 giant cockroaches
  9 hobgoblins
  2 jackals (D:1)
  11 kobolds
  2 quokkas
  5 giant newts
  9 goblins
  7 rats
93 creatures vanquished.

Notes
Turn   | Place    | Note
--------------------------------------------------------------
     0 | D:1      | BluebellGnoll, the Spriggan Hunter, began the quest for the Orb.
     0 | D:1      | Reached XP level 1. HP: 10/10 MP: 2/2
   323 | D:1      | Reached XP level 2. HP: 9/14 MP: 4/4
   965 | D:1      | Reached skill level 1 in Short Blades
   965 | D:1      | Reached XP level 3. HP: 16/18 MP: 6/6
  1078 | D:2      | Noticed Sigmund
  1089 | D:2      | Reached skill level 5 in Stealth
  1456 | D:2      | Reached skill level 6 in Stealth
  1456 | D:2      | Reached XP level 4. HP: 11/22 MP: 8/8
  1699 | D:2      | Noticed Ijyb
  1812 | D:2      | Killed Ijyb
  2011 | D:2      | Gained mutation: Your muscles are strong. (Str +2) [potion of mutation]
  2011 | D:2      | Gained mutation: You have a somewhat thin skeletal structure (Dex +2, Stealth). [potion of mutation]
  2487 | D:2      | Found a glowing silver altar of Zin.
  2487 | D:2      | Found a deep blue altar of Sif Muna.
  3143 | D:2      | Killed Sigmund
  3143 | D:2      | Reached XP level 5. HP: 13/25 MP: 10/10
  3431 | D:3      | HP: 1/25 [adder (3)]
  3852 | D:3      | Reached skill level 5 in Dodging
  4390 | D:3      | Reached XP level 6. HP: 27/30 MP: 12/12
  4598 | D:3      | Found a sparkling altar of Nemelex Xobeh.
  4598 | D:3      | Noticed Jessica
  4606 | D:3      | Killed Jessica
  4611 | D:3      | Became a worshipper of Nemelex Xobeh the Trickster
  4700 | D:3      | Reached skill level 1 in Evocations
  4795 | D:3      | Received a gift from Nemelex Xobeh
  5097 | D:4      | Reached skill level 7 in Stealth
  5163 | D:4      | Found an iron altar of Okawaru.
  5223 | D:4      | Noticed DEFE's ghost (average HOFi)
  5243 | D:4      | Received a gift from Nemelex Xobeh
  5297 | D:4      | Mangled by DEFE's ghost

Action                   |  1- 3 |  4- 6 || total
-------------------------+-------+-------++-------
Melee: Short sword       |    96 |    86 ||   182
       Dagger            |       |    74 ||    74
 Fire: Hunting sling     |    39 |    71 ||   110
Throw: Stone             |       |     4 ||     4
Evoke: Deck              |       |    17 ||    17
  Use: Potion            |       |    10 ||    10
       Scroll            |       |     6 ||     6
 Stab: Sleeping          |     7 |    18 ||    25
       Distracted        |       |     1 ||     1
  Eat: Fruit             |       |     8 ||     8
       Pizza             |       |     1 ||     1
